 Dungeon Crawl Stone Soup version 0.22-a0-348-gd16d139 (webtiles) character file.

944 Amnesiac the Covert (level 7, -10/36 HPs)
             Began as a Spriggan Berserker on Apr 11, 2018.
             Was an Initiate of Gozag.
             Mangled by Regeox's ghost (18 damage)
             ... on level 6 of the Dungeon.
             The game lasted 00:09:49 (7587 turns).

Amnesiac the Covert (Spriggan Berserker)            Turns: 7587, Time: 00:09:51

Health: -10/36     AC:  2    Str: 20    XL:     7   Next: 88%
Magic:  8/8        EV: 26    Int:  9    God:    Gozag
Gold:   150        SH:  2    Dex: 20    Spells: 6/6 levels left

rFire    + . .     SeeInvis +   a - +0 short sword
rCold    . . .     Gourm    .   (shield restricted)
rNeg     . . .     Faith    .   r - +0 animal skin
rPois    .         Spirit   .   (helmet restricted)
rElec    .         Reflect  +   (no cloak)
rCorr    .         Harm     .   (gloves unavailable)
MR       +....                  (boots unavailable)
Stlth    +++++.....             w - +2 amulet of reflection
HPRegen  0.12/turn              h - ring of protection from fire
MPRegen  0.11/turn              v - +2 ring of slaying

@: mighty, agile, very quick
A: very small, unfitting armour, see invisible, herbivore, speed 3, slow
metabolism 2
a: Potion Petition, Call Merchant, Bribe Branch, Renounce Religion


You were on level 6 of the Dungeon.
You worshipped Gozag.
Gozag was aware of your devotion.
You were not hungry.

You visited 2 branches of the dungeon, and saw 7 of its levels.

You collected 391 gold pieces.
You spent 136 gold pieces at shops.
You paid 105 gold pieces to Gozag.

Inventory:

Hand Weapons
 a - a +0 short sword (weapon)
 b - a +0 hunting sling
Missiles
 d - 40 poisoned needles
 p - 137 stones (quivered)
 q - 51 sling bullets
Armour
 r - a +0 animal skin (worn)
 x - a +0 cloak
Jewellery
 h - a ring of protection from fire (left hand)
 v - a +2 ring of slaying (right hand)
 w - a +2 amulet of reflection (around neck)
 D - an uncursed amulet of regeneration {unknown}
Scrolls
 e - a scroll of random uselessness {!r, unknown}
 f - 10 scrolls of identify {!r}
 i - 3 scrolls of fog {!r}
 m - 2 scrolls of enchant armour {!r, unknown}
 n - 4 scrolls of teleportation {!r}
 s - a scroll of fear {!r, unknown}
 t - 2 scrolls of noise {!r, unknown}
 u - 2 scrolls of magic mapping {!r}
 y - 3 scrolls of immolation {!r, unknown}
 A - 3 scrolls of remove curse {!r, unknown}
 B - 2 scrolls of enchant weapon {!r, unknown}
Potions
 g - 3 potions of invisibility {!q, unknown}
 j - 4 potions of curing {!q, unknown}
 k - a potion of cancellation {!q, unknown}
 l - 2 potions of lignification {!q, unknown}
 o - a potion of heal wounds {!q, unknown}
 z - 2 potions of haste {!q, unknown}
 C - a potion of resistance {!q, unknown}
Comestibles
 c - 6 rations


   Skills:
 * Level 3.2 Fighting
 - Level 8.0 Short Blades
 + Level 5.1 Dodging
 - Level 8.0 Stealth


You had 6 spell levels left.
You didn't know any spells.

Dungeon Overview and Level Annotations

Branches:
Dungeon (6/15)             Temple (1/1) D:5

Altars:
Ashenzari
Cheibriados
Elyvilon
Fedhas
Gozag
Hepliaklqana
Kikubaaqudgha
Makhleb
Nemelex Xobeh
Okawaru
Qazlal
Ru
Sif Muna
Trog
Uskayaw
Vehumet
Wu Jian
Xom
Yredelemnul
Zin
The Shining One

Shops:
D:4 *

Annotations:
D:6 Regeox's ghost, novice HOFi


Innate Abilities, Weirdness & Mutations

You are very small and have problems with some larger weapons.
You are too small for most types of armour.
You have supernaturally acute eyesight. (SInv)
You are a herbivore.
You cover ground extremely quickly.
You need to consume almost no food.


Message History

Regeox's ghost is lightly damaged.
You block Regeox's ghost's attack.
You hit Regeox's ghost.
Regeox's ghost is lightly damaged.
You completely miss Regeox's ghost.
Regeox's ghost is lightly damaged.
Regeox's ghost misses you.
You closely miss Regeox's ghost.
Regeox's ghost is lightly damaged.
Your resistance to elements expires.
Regeox's ghost shrieks, "They lied to you.
The Dungeon just goes down and down forever."
Regeox's ghost completely misses you.
A gnoll comes into view. It is wielding a halberd.
The gnoll completely misses you.
You hit the gnoll.
The gnoll is moderately wounded.
Regeox's ghost whispers, "Soon you will have time, lots of time..."
Regeox's ghost completely misses you.
You puncture the gnoll!
You kill the gnoll!
Regeox's ghost completely misses you.
You closely miss Regeox's ghost.
Regeox's ghost is lightly damaged.
You puncture Regeox's ghost!
Regeox's ghost is lightly damaged.
Regeox's ghost hits you but does no damage.
You hit Regeox's ghost but do no damage.
Regeox's ghost is lightly damaged.
Regeox's ghost says, "Ah, a second chance to prove myself in battle!"
Regeox's ghost barely misses you.
You hit Regeox's ghost but do no damage.
Regeox's ghost is lightly damaged.
You hit Regeox's ghost.
Regeox's ghost is moderately damaged.
Regeox's ghost is distracted by the nearby gold.
You hit Regeox's ghost.
Regeox's ghost is no longer distracted by gold.
Regeox's ghost is moderately damaged.
The gnoll shouts!
Regeox's ghost completely misses you.
You puncture Regeox's ghost!
Regeox's ghost is heavily damaged.
Regeox's ghost wails.
Regeox's ghost completely misses you.
A gnoll comes into view. It is wielding a spear.
The gnoll shouts!
You puncture Regeox's ghost!
Regeox's ghost is heavily damaged.
You hit Regeox's ghost.
Regeox's ghost is severely damaged.
Regeox's ghost hits you!
You closely miss Regeox's ghost.
Regeox's ghost is severely damaged.
Regeox's ghost says, "Very impressive.
But it won't help.
Nothing will."
Regeox's ghost hits you!
* * * LOW HITPOINT WARNING * * *
You closely miss Regeox's ghost.
Regeox's ghost is severely damaged.
You closely miss Regeox's ghost.
Regeox's ghost is severely damaged.
Regeox's ghost hits you!!
Ouch! That really hurt!
You die...
Your body crumbles into a pile of gold.

#. ## #############.# .
..#<........#.####.#
##...####........#.
###........#. .... ##..
# #.####.#..# #..##...#
P##.# #.##..# #W.....#
.##.####.#..###.@#.####
8##.##...........$.$g...
..............$.$#####.g
....)...........##
................#
......(..>...#..#
.......#..##...##
.......#..###..#
.......##.# #..#


You could see Regeox's ghost and 2 gnolls.

Vanquished Creatures
  2 black bears (D:6)
  2 ogres (D:5)
  2 scorpions (D:4)
  A howler monkey (D:5)
  A bullfrog zombie (D:6)
  A centaur zombie (D:5)
  2 hounds
  A bullfrog skeleton (D:6)
  2 orc wizards (D:4)
  An iguana (D:4)
  A worker ant (D:6)
  A hound skeleton (D:6)
  2 worker ant zombies
  Robin (D:2)
  4 gnolls
  3 adders
  A shadow imp (D:5)
  An adder zombie (D:6)
  3 dart slugs
  2 worms
  A leopard gecko (D:3)
  8 orcs
  4 giant cockroaches
  15 goblins
  9 hobgoblins
  4 jackals (D:1)
  2 kobolds (D:2)
  A quokka (D:5)
  7 bats
  A frilled lizard (D:1)
  A leopard gecko skeleton (D:5)
  A quokka skeleton (D:6)
  6 rats
  A fungus (D:5)
95 creatures vanquished.

Notes
Turn   | Place    | Note
-------+----------+-------------------------------------------
     0 | D:1      | Amnesiac the Spriggan Berserker began the quest for the Orb.
     0 | D:1      | Reached XP level 1. HP: 11/11 MP: 2/2
    54 | D:1      | Reached skill level 1 in Stealth
   168 | D:3      | Found a white marble altar of Elyvilon.
   235 | D:3      | Reached XP level 2. HP: 16/16 MP: 3/3
   954 | D:2      | Reached XP level 3. HP: 17/19 MP: 4/4
   961 | D:2      | Reached ** piety under Trog
   971 | D:2      | Found a faded altar of an unknown god.
  1241 | D:2      | Reached XP level 4. HP: 4/23 MP: 5/5
  1548 | D:2      | Found a burning altar of Makhleb.
  1555 | D:2      | Found a glowing silver altar of Zin.
  1555 | D:2      | Noticed an angel
  1556 | D:2      | Noticed a green death
  1748 | D:2      | Noticed Robin
  2279 | D:2      | Killed Robin
  2797 | D:3      | Reached skill level 5 in Short Blades
  2797 | D:3      | Reached skill level 5 in Stealth
  2797 | D:3      | Reached XP level 5. HP: 27/27 MP: 6/6
  3458 | D:4      | Found Uricuvab's General Store.
  3461 | D:4      | Bought a scroll of fog for 26 gold pieces
  3461 | D:4      | Bought a scroll of identify for 26 gold pieces
  3461 | D:4      | Bought a scroll of magic mapping for 45 gold pieces
  3532 | D:4      | Bought a scroll of teleportation for 39 gold pieces
  3744 | D:4      | Found a hide-covered altar of Uskayaw.
  3744 | D:4      | Found a sacrificial altar of Ru.
  3835 | D:3      | Reached XP level 6. HP: 21/32 MP: 7/7
  4241 | D:5      | Entered Level 5 of the Dungeon
  4401 | D:5      | Found a shattered altar of Ashenzari.
  4529 | D:5      | Reached XP level 7. HP: 35/35 MP: 8/8
  4834 | D:5      | Found a staircase to the Ecumenical Temple.
  5470 | Temple   | Entered the Ecumenical Temple
  5658 | Temple   | Fell from the grace of Trog
  5658 | Temple   | Became a worshipper of Gozag Ym Sagoz the Greedy
  7173 | D:5      | Noticed a polar bear
  7549 | D:6      | Reached skill level 5 in Dodging
  7565 | D:6      | Noticed Regeox's ghost (novice HOFi)
  7587 | D:6      | Mangled by Regeox's ghost

Vault maps used:
D:1:      dpeg_arrival_stone_temple_mockup, minmay_domino_4
D:2:      grunt_temple_overflow_order_and_chaos_2, first_ration,
          chequers_ecumenical_altar_simple, hangedman_decor_slide_cut,
          uniq_robin
D:3:      elyvilon_altar_5
D:4:      gammafunk_temple_overflow_wave, serial_shops, nicolae_shop_crystal
D:5:      temple_pool_b, st_stairs_1, minmay_gold_behind_fungi,
          cheibrodos_ashenzari_chains
D:6:      marbit_many_paths, serial_undead, serial_undead_b, serial_undead_b,
          serial_undead_a, serial_undead_c, uniq_sigmund,
          uniq_crazy_yiuf_cottage
Temple:   eino_temple_rhombus

Skill      XL: |  1  2  3  4  5  6  7 |
---------------+----------------------+-----
Stealth        | 2 3 4 5 7 8 |  8.0
Short Blades   | 4 5 6 7 8 |  8.0
Fighting       | 3 |  3.2
Dodging        | 5 |  5.1

Action                   |  1- 3 |  4- 6 |  7- 9 || total
-------------------------+-------+-------+-------++-------
Melee: Short sword       |   116 |   208 |   125 ||   449
Invok: Berserk           |     1 |     3 |       ||     4
       Trog's Hand       |     1 |       |       ||     1
       Potion Petition   |       |       |     1 ||     1
 Stab: Sleeping          |     8 |     9 |     1 ||    18
  Eat: Ration            |       |     3 |     2 ||     5
Armor: Animal skin       |     9 |     8 |     5 ||    22
Dodge: Dodged            |    90 |   149 |    82 ||   321
Block: Other             |       |     5 |     6 ||    11

Table legend:
 A = Spawn XP
 B = Non-spawn XP
 C = Spawn XP percentage of total XP
 D = Spawn monster count
 E = Non-spawn monster count
 F = Spawn count percentage of total count
 G = Total turns spent on level
                    A         B        C        D         E        F      G
               +---------+---------+-------+---------+---------+-------+---------
         Total |       0 |    1349 |   0.0 |       0 |      94 |   0.0 |  7587
               +---------+---------+-------+---------+---------+-------+---------
           D:1 |       0 |      37 |   0.0 |       0 |      21 |   0.0 |   730
           D:2 |       0 |     125 |   0.0 |       0 |      31 |   0.0 |  1804
           D:3 |       0 |      66 |   0.0 |       0 |      11 |   0.0 |  1101
           D:4 |       0 |     308 |   0.0 |       0 |      10 |   0.0 |   606
           D:5 |       0 |     373 |   0.0 |       0 |       9 |   0.0 |  2942
           D:6 |       0 |     440 |   0.0 |       0 |      12 |   0.0 |   193
               +---------+---------+-------+---------+---------+-------+---------
